 Dungeon Crawl Stone Soup version 0.32-a0-391-gce5c0aab1b (webtiles) character file.

Game seed: 17251434428981037806

260 shadowstone the Ruffian (level 6, -2/38 HPs)
             Began as an Octopode Shapeshifter on Feb 19, 2024.
             Slain by a scorpion (3 damage)
             ... on level 6 of the Dungeon.
             The game lasted 00:06:38 (1868 turns).

shadowstone the Ruffian (Octopode Shapeshifter)     Turns: 1868, Time: 00:06:38

Health: -2/38      AC:  1    Str: 16    XL:     6   Next: 17%
Magic:  6/6        EV: 13    Int: 12    God:
Gold:   158        SH:  5    Dex: 11    Spells: 5/5 levels left

rFire   . . .        p - +2 flail (heavy)
rCold   . . .        (no shield)
rNeg    . . .        (helmet currently unavailable)
rPois   .            f - amulet of reflection
rElec   .            (no ring)
rCorr   .            (no ring)
SInv    .            (no ring)
Will    .....        (no ring)
Stlth   +++          (no ring)
HPRegen 0.26/turn    (no ring)
MPRegen 0.10/turn    (no ring)
                     (no ring)

%: reflection
@: lethally poisoned (-2 -> -16), beast-form
A: beast (slay +2), almost no armour, amphibious, 8 rings, camouflage 1,
gelatinous body 1, (nimble swimmer 1), tentacles
a: Begin Untransformation


You were on level 6 of the Dungeon.
You were a hulking beast.
You visited 1 branch of the dungeon, and saw 4 of its levels.

You collected 158 gold pieces.

Inventory:

Hand Weapons
 l - a +2 dagger of venom
 n - a +1 scythe of protection
 p - a +2 heavy flail (weapon)
Missiles
 h - 14 poisoned darts (quivered)
Jewellery
 f - an amulet of reflection (around mantle)
 o - a ring of willpower
Talismans
 b - a beast talisman (active)
 c - a flux talisman
Scrolls
 d - a scroll of fear {unknown}
 e - a scroll of immolation {unknown}
 g - 2 scrolls of poison {unknown}
 j - 2 scrolls of identify {unknown}
 q - a scroll of noise {unknown}
Potions
 a - 2 potions of lignification
 i - 2 potions of curing {unknown}
 k - 2 potions of enlightenment {unknown}
 m - 2 potions of heal wounds {unknown}
 r - a potion of attraction {unknown}
 s - a potion of magic {unknown}


   Skills:
 + Level 1.1 Fighting
 + Level 2.7 Dodging
 + Level 3.1 Stealth
 + Level 0.8 Shields
 + Level 5.0 Unarmed Combat
 + Level 3.8 Shapeshifting


You had 5 spell levels left.
You didn't know any spells.
Your spell library contained the following spells:

 Spells                   Type           Power      Damage    Failure   Level
 Lesser Beckoning         Tloc           0%         N/A       45%         2
 Gell's Gravitas          Tloc           0%         N/A       69%         3
 Teleport Other           Tloc           0%         N/A       69%         3


Dungeon Overview and Level Annotations

Branches:
Dungeon (3/15)

Altars:


Innate Abilities, Weirdness & Mutations

You are a hulking beast.
Your limbs bulge with bestial killing power. (Slay +2)
You cannot wear most types of armour.
You are amphibious.
You can wear up to eight rings at the same time.
Your skin changes colour to match your surroundings (Stealth+).
Your rubbery body absorbs attacks. (AC +1, EV +1)
((You are camouflaged when in or above water. (Stealth+)))
You have tentacles for arms and can constrict up to eight enemies at once.


Message History

a +0 dagger; a +0 leather armour
Found a stone staircase leading down.
j - 2 scrolls labelled CASMIN OXTI (gained 1)
Found a blue potion.
There is a stone staircase leading down here.
s - a blue potion
There is a stone staircase leading down here.
A malevolent force fills the Dungeon...
You fall into a shaft and drop 3 floors!
The shaft crumbles and collapses.
No target in view!
An adder comes into view.
Found a plate armour.
Found an escape hatch in the floor.
The adder hisses angrily.
You block the adder's attack.
You sock the adder!
You kill the adder!
Found a stone staircase leading down.
Found a stone staircase leading down.
A sky beast comes into view.
A scorpion comes into view.
The sky beast misses you.
You closely miss the sky beast. Your squeeze misses the sky beast.
The sky beast hits you. The sky beast shocks you. The sky beast hits you.
The sky beast shocks you.
You sock the sky beast! Your squeeze misses the sky beast.
The sky beast is heavily wounded.
The sky beast hits you. The sky beast shocks you.
The sky beast closely misses you.
You sock the sky beast!
The sky beast is almost dead.
The scorpion stings you.
* * * LOW HITPOINT WARNING * * *
You are lethally poisoned!
The scorpion poisons you! The sky beast hits you.
* * * LOW HITPOINT WARNING * * *
The sky beast shocks you.
* * * LOW HITPOINT WARNING * * *
The scorpion stings you.
You die...

####.#..#..........#
##...............#
...........###....
....[>......# ....
............# ...
............# ..
..##....>...#..
..........>.....
##.....h........
##...sY........
#..............
#..#...........
....#........... ..#
#.......... ..
..#........
##.#........


You could see a sky beast and a scorpion.

Vanquished Creatures
  Sigmund (D:2)
  2 adders
  3 ball pythons (D:1)
  6 bats (D:1)
  6 endoplasms
  2 giant cockroaches
  6 goblins
  4 hobgoblins
  5 jackals
  A quokka (D:1)
  A frilled lizard (D:2)
  4 kobolds
  3 rats
44 creatures vanquished.

Notes
Turn   | Place    | Note
-------+----------+-------------------------------------------
     0 | D:1      | shadowstone the Octopode Shapeshifter began the quest for
                  | the Orb.
     0 | D:1      | Reached XP level 1. HP: 13/13 MP: 1/1
   105 | D:1      | Reached XP level 2. HP: 15/18 MP: 2/2
   313 | D:1      | Reached XP level 3. HP: 22/23 MP: 3/3
   849 | D:2      | Noticed Sigmund
   863 | D:2      | Killed Sigmund
   864 | D:2      | Reached skill level 4 in Unarmed Combat
   864 | D:2      | Reached XP level 4. HP: 14/28 MP: 4/4
   864 | D:2      | Reached XP level 5. HP: 17/33 MP: 5/5
   926 | D:2      | Reached XP level 6. HP: 24/38 MP: 6/6
  1578 | D:3      | Reached skill level 5 in Unarmed Combat
  1832 | D:3      | You fall into a shaft and drop 3 floors!
  1860 | D:6      | Noticed a sky beast
  1868 | D:6      | HP: 1/38 [sky beast (6)]
  1868 | D:6      | Slain by a scorpion

Illustrated notes

Levels and vault maps discovered:
D:1:      shiori_shiawase, layout_rooms, minmay_quantized
D:2:      layout_basic, uniq_sigmund
D:3:      layout_basic, jmf_multi_god_temple2
D:6:      layout_cave_pools, minivault_27

Skill      XL: |  1  2  3  4  5  6 |
---------------+-------------------+-----
Stealth        | 2 3 |  3.1
Unarmed Combat | 4 5 |  5.0
Fighting       | |  1.1
Dodging        | |  2.7
Shields        | |  0.8
Shapeshifting  | |  3.8

Action                     |  1- 3 |  4- 6 || total
---------------------------+-------+-------++-------
  Melee: Unarmed           |    61 |    15 ||    76
         Constrict         |    10 |     5 ||    15
         Tentacles         |     6 |     2 ||     8
         Flail             |       |     9 ||     9
  Throw: Dart              |       |     8 ||     8
   Stab: Sleeping          |     2 |     2 ||     4
 Armour: Skin              |    25 |    24 ||    49
  Dodge: Dodged            |    58 |    33 ||    91
  Block: Other             |    11 |    10 ||    21
   Form: Flux              |     1 |       ||     1
         Beast             |       |     1 ||     1

Table legend: (Time is in decaauts)
 A = Elapsed time spent in this place.
 B = Non-inter-level travel time spent in this place.
 C = Inter-level travel time spent in this place.
 D = Time resting spent in this place.
 E = Time spent auto-exploring this place.
 F = Levels seen in this place.
 G = Mean time per level.
                   A        B        C        D        E       F      G
               +--------+--------+--------+--------+--------+-----+--------+
         Total |   1870 |   1813 |     57 |    323 |    803 |   4 |  467.5 |
       Dungeon |   1870 |   1813 |     57 |    323 |    803 |   4 |  467.5 |
               +--------+--------+--------+--------+--------+-----+--------+

Top non-repeatable levels by time:
     D:2: 843 daAuts
     D:1: 660 daAuts
     D:3: 327 daAuts
     D:6: 39 daAuts
